Map: Sous-marin EC

Players

MMA - Winner!

  • Race: Terran Terran
  • League: Master
  • Spawn Location: 5:00

Mostenherceg

  • Race: Protoss Protoss
  • League: Master
  • Spawn Location: 11:00

VOD

Have the link to the VOD?

Description

Time

  • Played on: Aug. 6, 2020, 9:04 a.m.
  • Length: 4:58
Show
View Real Time Build Order
Export as new Build Order

MMA Terran - Winner!

Build Orders: Liberator Opening 

Get SALT Encoding   

  12  0:00  SCV  
  13  0:13  SCV  
  14  0:17  Supply Depot  
  14  0:25  SCV  
  15  0:39  SCV  
  15  0:40  Barracks  
  16  0:46  Refinery  
  16  0:51  SCV  
  17  1:03  SCV  
  18  1:15  SCV  
  19  1:29  Orbital Command  
  20  1:37  Marine  
  20  1:50  Command Center  
  20  1:56  SCV  
  20  1:57  Barracks Tech Lab  
  21  2:03  Factory  
  21  2:09  SCV  
  21  2:12  Supply Depot  
  22  2:21  Refinery  
  22  2:27  SCV  
  23  2:30  Concussive Shells  
  23  2:34  Marauder  
  25  2:39  SCV  
  26  2:47  Hellion  
  28  2:53  Starport  
  27  3:07  SCV, Marauder  
  30  3:14  Hellion, Orbital Command  
  30  3:19  SCV  
  33  3:31  Medivac  
  34  3:37  Marauder  
  34  3:39  Hellion  
  36  3:47  SCV x2  
  38  3:53  Refinery  
  38  3:59  SCV  
  39  4:06  Barracks Reactor  
  39  4:10  SCV  
  39  4:11  Liberator  
  39  4:16  SCV  
  44  4:25  Supply Depot, Siege Tank  
  44  4:28  SCV x2  
Show
View Real Time Build Order
Export as new Build Order

Mostenherceg Protoss 

Build Orders: 1 Gate Expand 

Get SALT Encoding   

  12  0:00  Probe  
  13  0:12  Probe  
  14  0:17  Pylon  
  14  0:24  Probe (Chrono Boost)  
  15  0:36  Probe (Chrono Boost), Gateway  
  16  0:44  Probe (Chrono Boost)  
  17  0:50  Assimilator  
  17  0:51  Probe  
  18  1:03  Probe  
  19  1:15  Probe  
  20  1:24  Cybernetics Core  
  20  1:35  Nexus  
  20  1:37  Pylon  
  20  1:40  Probe  
  21  1:49  Assimilator  
  21  1:53  Probe  
  22  1:58  Adept (Chrono Boost)  
  24  2:02  Warp Gate  
  24  2:05  Probe  
  25  2:17  Probe  
  25  2:19  Adept (Chrono Boost)  
  28  2:29  Probe  
  29  2:34  Robotics Facility  
  29  2:41  Probe  
  30  2:46  Stalker  
  30  2:48  Probe  
  33  2:59  Probe (Chrono Boost)  
  33  3:01  Probe (Chrono Boost)  
  34  3:10  Shield Battery  
  36  3:13  Probe (Chrono Boost)  
  36  3:17  Probe (Chrono Boost)  
  36  3:20  Probe (Chrono Boost)  
  36  3:23  Probe (Chrono Boost), Observer (Chrono Boost)  
  39  3:27  Probe  
  40  3:35  Probe  
  40  3:39  Probe  
  40  3:47  Probe  
  40  3:48  Gateway  
  45  3:50  Gateway  
  45  3:51  Probe  
  40  3:58  Observer (Chrono Boost)  
  40  3:59  Probe  
  40  4:01  Sentry  
  44  4:03  Probe  
  44  4:05  Pylon  
  44  4:06  Assimilator  
  44  4:07  Pylon  
  45  4:10  Assimilator  
  45  4:11  Probe  
  46  4:23  Probe x2, Shield Battery, Observer  
  49  4:24  Stalker  
  49  4:30  Gateway  
  49  4:31  Pylon  
  51  4:44  Stalker  
  51  4:45  Adept  
Tags
 
Add a new tag
Caveats
  • Supply blocks, unpowered buildings, or Contaminate may cause inaccurate times.
  • Supply counts are checked every 10 seconds.